AoeStats
← [Massa] Edo

Arena

506960815Analyzed
2v2 RM · 15d ago on Sep 16, 2026· 28m 6s· 4 players
Game mode
Random Map
Map size
Medium (4 player)
Population
200
Speed
Normal
Resources
Standard
Victory
Conquest
Starting age
Dark Age
Ending age
Imperial Age
RankedLock teamsTeams togetherTeam positionsShared explorationLock speedFull tech treeHidden civsTurbo modeCheats
Victory
Defeat
🇧🇷 Koreans · Brazil
1449
+16
🇺🇸 Burgundians · United States
1438
+16
🇪🇸 Sicilians · Spain
1556
-20
🇧🇷 Britons · Brazil
1340
-12
el_Feist
5:11 Double-Bit Axe
8:05 Horse Collar
12:07 Feudal Age
13:29 Bow Saw
15:54 Castle Age
14:28 Heavy Plow
16:35 Stone Mining
21:11 Loom
22:56 Fletching
28:13 Wheelbarrow
[Massa] Edo
11:24 Feudal Age
15:52 Castle Age
14:29 Double-Bit Axe
15:18 Gold Mining
17:45 Fletching
24:22 Ballistics
24:13 Loom
25:21 Bodkin Arrow
27:18 Bow Saw
Penéfago
10:45 Feudal Age
11:41 Horse Collar
12:00 Double-Bit Axe
16:10 Castle Age
18:12 Loom
19:28 Town Watch
19:36 Fletching
26:27 Heavy Plow
지오구
10:24 Feudal Age
12:34 Loom
15:22 Castle Age
14:09 Double-Bit Axe
14:08 Horse Collar
22:11 Bow Saw
26:17 Heavy Plow
27:31 Wheelbarrow
26:58 Fletching
Connection lost

Rejoining the realm…

Still unreachable

The connection could not be restored.

Session expired

The server has moved on; the page needs a fresh start.